 Dungeon Crawl Stone Soup version 0.30.0-5-g1a98f26d00 (webtiles) character file.

Game seed: 6749100104945983224

760 edwardauron the Digger (level 7, -3/54 HPs)
             Began as a Gargoyle Earth Elementalist on May 12, 2023.
             Was an Initiate of Gozag.
             Slain by Edmund
             ... wielding a +3 flail of protection
              (11 damage)
             ... on level 5 of the Dungeon.
             The game lasted 00:09:12 (4284 turns).

edwardauron the Digger (GrEE)                       Turns: 4284, Time: 00:09:14

Health: -3/54      AC: 23    Str: 12    XL:     7   Next: 80%
Magic:  3/15       EV:  2    Int: 17    God:    Gozag
Gold:   458        SH:  0    Dex: 10    Spells: 12/16 levels left

rFire   + . .        w - staff of fire
rCold   . . .        (no shield)
rNeg    + . .        a - melded +0 robe
rPois   ∞            n - melded +1 helmet
rElec   .            (cloak currently unavailable)
rCorr   .            (gloves currently unavailable)
SInv    .            l - melded +0 pair of boots
Will    .....        (no amulet)
Stlth   ++           (no ring)
HPRegen 0.29/turn    (no ring)
MPRegen 0.14/turn

%: no passive effects
@: tree-form, gold aura
A: stationary, stasis, torment immunity, boosted hp, sickness immunity, AC +4,
negative energy resistance 1, (electricity resistance), torment resistance 1,
petrification resistance
a: Renounce Religion, Potion Petition, Call Merchant, Bribe Branch


You were on level 5 of the Dungeon.
You worshipped Gozag.
Gozag was aware of your devotion.
You were a tree.
You visited 1 branch of the dungeon, and saw 5 of its levels.

You collected 509 gold pieces.
You paid 51 gold pieces to Gozag.

Inventory:

Missiles
 c - 27 stones
Armour
 a - a +0 robe (melded)
 l - a +0 pair of boots (melded)
 n - a +1 helmet (melded)
Magical Staves
 w - a staff of fire (weapon)
Jewellery
 d - a ring of flight
Wands
 e - a wand of mindburst (7)
 m - a wand of light (4)
Scrolls
 i - a scroll of teleportation
 j - a scroll of noise
 k - a scroll of brand weapon {unknown}
 o - a scroll of fog {unknown}
 r - 4 scrolls of poison {unknown}
 s - 2 scrolls of acquirement {unknown}
 t - a scroll of vulnerability {unknown}
 v - a scroll of torment {unknown}
Potions
 b - 2 potions of magic
 f - a potion of attraction {unknown}
 g - 2 potions of flight
 h - a potion of curing
 q - a potion of invisibility


   Skills:
 - Level 0.1 Fighting
 - Level 1.5 Dodging
 - Level 2.1 Stealth
 + Level 5.3 Spellcasting
 + Level 3.3 Conjurations
 - Level 0.7 Transmutations
 + Level 7.3 Earth Magic


You had 12 spell levels left.
You knew the following spells:

 Your Spells              Type           Power      Damage    Failure   Level
a - Sandblast             Erth           58%        2d13      1%          1
b - Stone Arrow           Conj/Erth      44%        3d9       4%          3

Your spell library contained the following spells:

 Spells                   Type           Power      Damage    Failure   Level
 Passwall                 Tmut/Erth      15%        N/A       4%          2
 Petrify                  Tmut/Erth      18%        N/A       26%         4
 Gell's Gravitas          Tloc           4%         N/A       38%         3
 Teleport Other           Tloc           4%         N/A       38%         3
 Dispersal                Tloc           2%         N/A       100%        6


Dungeon Overview and Level Annotations

Branches:
Dungeon (5/15)
 Temple: D:4-7

Altars:
Ashenzari
Gozag
Makhleb
Uskayaw
Wu Jian

Annotations:
D:5 Edmund


Innate Abilities, Weirdness & Mutations

You are a tree.
Your roots penetrate the ground, keeping you stationary.
You cannot be teleported.
You are immune to unholy pain and torment.
Your maximum health is greatly increased.
Your equipment is partially melded.
You are immune to sickness and miasma.
((Your stone body is resilient. (AC +4)))
You are immune to poison.
You resist negative energy. (rN+)
((You are resistant to electric shocks. (rElec)))
You are resistant to unholy torment.
You are immune to petrification.


Message History

Edmund hits you with a +3 flail of protection.
* * * LOW HITPOINT WARNING * * *
Casting: Sandblast (safe; 1% risk of failure)
Confirm with . or Enter, or press ? or * to list all spells.
Aiming: Sandblast (safe; 1% risk of failure)
Press: ? - help, Shift-Dir - straight line, f/p - Edmund
Aim: Edmund, wielding a +3 flail of protection and wearing a +0 scale mail (moderately wounded, 85% to hit)
The blast of sand hits Edmund but does no damage.
Edmund is moderately wounded.
Edmund hits you but does no damage. The orc hits you but does no damage.
The orc completely misses you. Edmund hits you but does no damage.
Casting: Sandblast (safe; 1% risk of failure)
Confirm with . or Enter, or press ? or * to list all spells.
Aiming: Sandblast (safe; 1% risk of failure)
Press: ? - help, Shift-Dir - straight line, f - orc, p - Edmund
Aim: an orc, wielding a +0 flail (83% to hit)
The blast of sand hits the orc!
You kill the orc!
Edmund hits you but does no damage.
Unknown command.
Casting: Sandblast (safe; 1% risk of failure)
Confirm with . or Enter, or press ? or * to list all spells.
Aiming: Sandblast (safe; 1% risk of failure)
Press: ? - help, Shift-Dir - straight line, f - Edmund
Aim: Edmund, wielding a +3 flail of protection and wearing a +0 scale mail (moderately wounded, 85% to hit)
The blast of sand hits Edmund!
Edmund is heavily wounded.
Edmund hits you but does no damage.
Edmund looks rather jealous.
Edmund hits you but does no damage.
Casting: Sandblast (safe; 1% risk of failure)
Confirm with . or Enter, or press ? or * to list all spells.
Aiming: Sandblast (safe; 1% risk of failure)
Press: ? - help, Shift-Dir - straight line, f/p - Edmund
Aim: Edmund, wielding a +3 flail of protection and wearing a +0 scale mail (heavily wounded, 85% to hit)
The blast of sand hits Edmund but does no damage.
Edmund is heavily wounded.
Edmund hits you with a +3 flail of protection!
You die...
Your body crumbles into a pile of gold.

#.#.# ..##.......
#.#.# ...##..###.#
#.#.# ...###.. ...
#...# ##.# #..
#..## #.# #.. #..#
.# #..
#..########.####..
#..........$......
#.........♣@##
############# $


You could see Edmund.

Vanquished Creatures
  An ogre (D:4)
  A phantom (D:4)
  A bullfrog (D:4)
  2 scorpions
  An orc priest (D:4)
  A hound (D:4)
  A sleepcap (D:4)
  Ijyb (D:3)
  Natasha (D:3)
  An iguana (D:3)
  2 orc wizards (D:4)
  Robin (D:2)
  9 adders
  An ufetubus (D:5)
  3 worms
  2 dart slugs (D:1)
  9 orcs
  6 ball pythons
  6 bats
  5 endoplasms
  A giant cockroach (D:1)
  18 goblins
  11 hobgoblins
  8 jackals
  7 kobolds
  3 quokkas
  4 frilled lizards
  5 rats
112 creatures vanquished.

Notes
Turn   | Place    | Note
-------+----------+-------------------------------------------
     0 | D:1      | edwardauron the Gargoyle Earth Elementalist began the quest
                  | for the Orb.
     0 | D:1      | Reached XP level 1. HP: 10/10 MP: 3/3
    20 | D:1      | Found a faded altar of an unknown god.
    36 | D:1      | Prayed at the altar of an unknown god.
    36 | D:1      | Became a worshipper of the Wu Jian Council
    36 | D:1      | Reached * piety under Wu Jian
   103 | D:1      | Reached skill level 4 in Earth Magic
   215 | D:1      | Reached XP level 2. HP: 15/15 MP: 5/5
   570 | D:1      | Reached XP level 3. HP: 19/19 MP: 3/6
  1073 | D:2      | Noticed Robin
  1075 | D:2      | Reached ** piety under Wu Jian
  1294 | D:2      | Killed Robin
  1295 | D:2      | Reached skill level 5 in Earth Magic
  1295 | D:2      | Reached XP level 4. HP: 24/24 MP: 5/8
  2037 | D:3      | Noticed a +0 dagger
  2038 | D:3      | Noticed a +0 spear
  2039 | D:3      | Noticed a +0 falchion
  2039 | D:3      | Noticed a +0 dagger
  2040 | D:3      | Noticed a +0 short sword
  2040 | D:3      | Noticed a +0 short sword
  2042 | D:3      | Noticed a +0 spear
  2043 | D:3      | Found a hide-covered altar of Uskayaw.
  2043 | D:3      | Noticed a +0 falchion
  2141 | D:3      | Reached XP level 5. HP: 28/28 MP: 4/10
  2192 | D:3      | Found a burning altar of Makhleb.
  2193 | D:3      | Found a broken altar of Ashenzari.
  2198 | D:3      | Found an opulent altar of Gozag.
  2201 | D:3      | Fell from the grace of Wu Jian
  2201 | D:3      | Became a worshipper of Gozag Ym Sagoz the Greedy
  2314 | D:3      | Noticed a +1 broad axe of flaming
  2314 | D:3      | Noticed a +2 heavy glaive
  2314 | D:3      | Noticed a +3 dire flail of flaming
  2314 | D:3      | Noticed a +0 broad axe of flaming
  2533 | D:3      | Noticed Natasha
  2536 | D:3      | Killed Natasha
  2683 | D:3      | Noticed Ijyb
  2814 | D:3      | Killed Ijyb
  2835 | D:3      | Noticed a +3 rapier of speed
  2835 | D:3      | Noticed a +4 broad axe of flaming
  2835 | D:3      | Noticed a +0 quarterstaff of electrocution
  2961 | D:4      | Reached skill level 6 in Earth Magic
  2961 | D:4      | Reached XP level 6. HP: 32/32 MP: 9/12
  2985 | D:4      | Learned a level 3 spell: Stone Arrow
  3035 | D:4      | Reached skill level 1 in Conjurations
  3227 | D:4      | Reached XP level 7. HP: 36/36 MP: 11/14
  3345 | D:4      | Reached skill level 5 in Spellcasting
  3749 | D:4      | Reached skill level 7 in Earth Magic
  4169 | D:5      | Entered Level 5 of the Dungeon
  4260 | D:5      | Noticed Edmund
  4284 | D:5      | Slain by Edmund

Illustrated notes

Levels and vault maps discovered:
D:1:      dpeg_arrival_fog, layout_loops_ring, basic_ecumenical_altar,
          grunt_decor_resistance
D:2:      layout_rooms, corexii_item_surrounded_by_moat, minmay_small_reverse_x,
          uniq_robin
D:3:      layout_basic, nicolae_qazlal_style_of_elements, minitemple,
          nicolae_uskayaw_en_pointe, uniq_natasha, uniq_ijyb
D:4:      layout_gridville
D:5:      layout_loops_ring, uniq_crazy_yiuf_cottage, uniq_edmund

Skill      XL: |  1  2  3  4  5  6  7 |
---------------+----------------------+-----
Earth Magic    | 4 5 6 7 |  7.3
Spellcasting   | 3 4 5 |  5.3
Conjurations   | 2 3 |  3.3
Fighting       | |  0.1
Dodging        | |  1.5
Stealth        | |  2.1
Transmutations | |  0.7

Action                     |  1- 3 |  4- 6 |  7- 9 || total
---------------------------+-------+-------+-------++-------
  Melee: Unarmed           |     5 |    12 |       ||    17
         Punch             |       |     1 |       ||     1
   Cast: Sandblast         |    46 |   107 |    33 ||   186
         Stone Arrow       |       |       |    13 ||    13
Ability: Lunge             |       |     1 |       ||     1
    Use: Scroll            |       |     4 |     6 ||    10
         Potion            |       |       |     3 ||     3
 Armour: Robe              |    20 |    41 |     1 ||    62
         Skin              |       |       |    22 ||    22
  Dodge: Dodged            |    29 |    59 |    13 ||   101
